 Dungeon Crawl Stone Soup version 0.26-a0-660-gc07710193c (webtiles) character file.

Game seed: 12175163498741055979

975 jiml777 the Grasshopper (level 8, -10/63 HPs)
             Began as a Gnoll Warper on Oct 7, 2020.
             Was an Initiate of Gozag.
             Killed by divine providence
             ... invoked by an orc priest
              (12 damage)
             ... on level 5 of the Dungeon.
             The game lasted 00:22:23 (6681 turns).

jiml777 the Grasshopper (Gnoll Warper)              Turns: 6681, Time: 00:22:25

Health: -10/63     AC:  8    Str: 13    XL:     8   Next: 16%
Magic:  0/16       EV: 13    Int: 18    God:    Gozag
Gold:   485        SH:  0    Dex: 15    Spells: 18/18 levels left

rFire    . . .     SeeInvis .   a - +0 spear
rCold    . . .     Faith    .   (no shield)
rNeg     . . .     Spirit   +   u - +0 ring mail
rPois    .         Reflect  .   (no helmet)
rElec    .         Harm     .   (no cloak)
rCorr    .         Rampage  .   (no gloves)
MR       .....                  r - +1 pair of boots
Stlth    ++........             q - amulet of guardian spirit
HPRegen  0.20/turn              (no ring)
MPRegen  0.15/turn              (no ring)

@: flying
A: distributed training, fangs 1, strong nose
a: Potion Petition, Call Merchant, Bribe Branch, Renounce Religion


You were on level 5 of the Dungeon.
You worshipped Gozag.
Gozag was aware of your devotion.
You visited 2 branches of the dungeon, and saw 6 of its levels.

You collected 558 gold pieces.
You paid 73 gold pieces to Gozag.

Inventory:

Hand Weapons
 a - a +0 spear (weapon)
 j - a +1 dagger of freezing
Missiles
 c - 129 arrows
 e - 5 boomerangs of dispersal
 h - 19 poisoned darts (quivered)
 z - 9 boomerangs
 C - 11 bolts
Armour
 b - a +0 leather armour
 r - a +1 pair of boots (worn)
 u - a +0 ring mail (worn)
Jewellery
 q - an amulet of guardian spirit (around neck)
 v - an uncursed ring of stealth {unknown}
Wands
 d - a wand of paralysis (9)
 x - a wand of random effects (14)
Scrolls
 i - 3 scrolls of remove curse
 k - 2 scrolls of noise {unknown}
 m - 2 scrolls of amnesia {unknown}
 n - a scroll of immolation {unknown}
 p - 4 scrolls of teleportation {unknown}
 y - a scroll of magic mapping {unknown}
 D - a scroll of enchant weapon {unknown}
Potions
 f - 2 potions of curing
 o - a potion of degeneration {unknown}
 s - a potion of resistance {unknown}
 t - a potion of stabbing {unknown}
 w - a potion of lignification {unknown}
 A - 3 potions of brilliance
 B - a potion of might {unknown}


   Skills:
 + Level 5.5 Fighting
 + Level 3.0 Short Blades
 + Level 3.0 Long Blades
 + Level 3.0 Axes
 + Level 3.0 Maces & Flails
 + Level 5.5 Polearms
 + Level 3.0 Staves
 + Level 3.0 Slings
 + Level 3.0 Bows
 + Level 3.0 Crossbows
 + Level 4.0 Throwing
 + Level 4.0 Armour
 + Level 5.5 Dodging
 + Level 3.0 Stealth
 + Level 3.0 Shields
 + Level 3.0 Unarmed Combat
 + Level 5.9 Spellcasting
 + Level 2.4 Conjurations
 + Level 2.4 Hexes
 + Level 2.4 Summonings
 + Level 2.4 Necromancy
 + Level 6.0 Translocations
 + Level 2.4 Transmutations
 + Level 2.4 Fire Magic
 + Level 2.4 Ice Magic
 + Level 2.4 Air Magic
 + Level 2.4 Earth Magic
 + Level 2.4 Poison Magic
 + Level 3.3 Invocations
 + Level 3.0 Evocations


You had 18 spell levels left.
You didn't know any spells.
Your spell library contained the following spells:

 Spells                   Type           Power        Failure   Level
 Blink                    Tloc           N/A          3%          2
 Gell's Gravitas          Tloc           ####......   6%          3
 Lesser Beckoning         Tloc           ####......   6%          3
 Teleport Other           Tloc           ####....     6%          3
 Passage of Golubria      Tloc           N/A          21%         4


Dungeon Overview and Level Annotations

Branches:
Dungeon (5/15)             Temple (1/1) D:4

Altars:
Ashenzari
Gozag
Hepliaklqana
Kikubaaqudgha
Nemelex Xobeh
Okawaru
Qazlal
Ru
Sif Muna
Vehumet
Xom
Yredelemnul
The Shining One

Annotations:
D:5 2 runed translucent doors


Innate Abilities, Weirdness & Mutations

Your experience applies equally to all skills.
You have very sharp teeth.
Your uncanny sense of smell can sniff out nearby items.


Message History

The orc shouts!
The orc hits you with a +0 flail.
* * * LOW HITPOINT WARNING * * *
Things that are here:
5 gold pieces; a +0 morningstar You closely miss the orc.
The orc shouts!
Your bite misses the orc.
The orc priest mumbles some strange prayers to Beogh against you.
Beogh smites you!
* * * LOW HITPOINT WARNING * * *
The orc hits you with a +0 flail.
* * * LOW HITPOINT WARNING * * *
It was a potion of flight.
You feel very buoyant.
You fly up into the air.
The orc priest calls down the wrath of Beogh upon you.
Beogh smites you!
You die...
Your body crumbles into a pile of gold.

#................#
#......)########'###
#......##..(........
#......##...$.......
#......##....#######
#......##....#sB.BB#
#......##....+bBbb.+
#.......#....#BBBby#
###@#####...c#######
##o# #...$.......
#.o# #...........
#.## ########c###
... #.# # ....o ##.#
# .....o. ##.c# #
....... ###.#..####
....... #.......(.).


You could see an orc priest and 3 orcs.

Vanquished Creatures
  A phantom (D:5)
  An ice beast (D:5)
  A centaur (D:5)
  2 scorpions (D:4)
  2 howler monkeys (D:5)
  A hound (D:4)
  2 orc priests (D:4)
  4 orc wizards
  A bullfrog skeleton (D:5)
  Ijyb (D:3)
  2 iguanas
  2 worker ants (D:5)
  A gnoll (D:4)
  7 adders
  An ufetubus (D:4)
  An ooze (D:5)
  5 worms
  4 dart slugs
  5 leopard geckos
  16 orcs
  2 giant cockroaches
  6 goblins
  5 hobgoblins
  3 jackals (D:5)
  3 quokkas
  A ball python (D:1)
  6 bats
  4 frilled lizards
  A giant cockroach zombie (D:5)
  6 kobolds
  8 rats
105 creatures vanquished.

Vanquished Creatures (others)
  A ghoul (D:1)
  A draconian (D:1)
  An octopode (D:1)
  A vine stalker (D:1)
  A troll (D:1)
  2 spriggans (D:1)
  A dwarf (D:1)
  An ogre (D:1)
  A mummy (D:1)
  2 orcs (D:1)
  11 fungi (D:5)
  4 plants (D:5)
  4 tentacles (D:1)
31 creatures vanquished.

Grand Total: 136 creatures vanquished

Notes
Turn   | Place    | Note
-------+----------+-------------------------------------------
     0 | D:1      | jiml777 the Gnoll Warper began the quest for the Orb.
     0 | D:1      | Reached XP level 1. HP: 20/20 MP: 6/6
     0 | D:1      | Noticed a spriggan
     0 | D:1      | Noticed an octopode
     0 | D:1      | Noticed a spriggan
     0 | D:1      | Noticed a vine stalker
     0 | D:1      | Noticed a kraken
     0 | D:1      | Noticed a draconian
     0 | D:1      | Noticed a troll
     0 | D:1      | Noticed an ogre
     0 | D:1      | Noticed a ghoul
     0 | D:1      | Noticed a dwarf
     4 | D:1      | Killed an ogre
     5 | D:1      | Killed a vine stalker
     8 | D:1      | Killed an octopode
     8 | D:1      | Killed a spriggan
     8 | D:1      | Killed a ghoul
     9 | D:1      | Killed a troll
    11 | D:1      | Killed a draconian
    12 | D:1      | Killed a spriggan
    12 | D:1      | Killed a dwarf
   161 | D:1      | Found a glowing golden altar of the Shining One.
   352 | D:1      | Reached XP level 2. HP: 20/26 MP: 7/7
  1079 | D:2      | Reached XP level 3. HP: 31/31 MP: 9/9
  1215 | D:2      | Reached skill level 5 in Spellcasting
  1224 | D:2      | Reached skill level 1 in Invocations
  1825 | D:2      | Found a hazy altar of Hepliaklqana.
  1825 | D:2      | Found a sacrificial altar of Ru.
  1826 | D:2      | Found a broken altar of Ashenzari.
  1963 | D:2      | Reached skill level 1 in Short Blades
  1963 | D:2      | Reached skill level 1 in Long Blades
  1963 | D:2      | Reached skill level 1 in Axes
  1963 | D:2      | Reached skill level 1 in Maces & Flails
  1963 | D:2      | Reached skill level 1 in Staves
  1963 | D:2      | Reached skill level 1 in Slings
  1963 | D:2      | Reached skill level 1 in Bows
  1963 | D:2      | Reached skill level 1 in Crossbows
  1963 | D:2      | Reached skill level 1 in Stealth
  1963 | D:2      | Reached skill level 1 in Shields
  1963 | D:2      | Reached skill level 1 in Unarmed Combat
  1963 | D:2      | Reached skill level 1 in Evocations
  2066 | D:2      | Reached XP level 4. HP: 34/38 MP: 9/11
  2659 | D:3      | Reached skill level 1 in Conjurations
  2659 | D:3      | Reached skill level 1 in Hexes
  2659 | D:3      | Reached skill level 1 in Summonings
  2659 | D:3      | Reached skill level 1 in Necromancy
  2659 | D:3      | Reached skill level 1 in Transmutations
  2659 | D:3      | Reached skill level 1 in Fire Magic
  2659 | D:3      | Reached skill level 1 in Ice Magic
  2659 | D:3      | Reached skill level 1 in Air Magic
  2659 | D:3      | Reached skill level 1 in Earth Magic
  2659 | D:3      | Reached skill level 1 in Poison Magic
  2998 | D:3      | Reached XP level 5. HP: 34/43 MP: 10/12
  3288 | D:3      | Noticed Ijyb
  3308 | D:3      | Killed Ijyb
  3437 | D:4      | Found a staircase to the Ecumenical Temple.
  3453 | Temple   | Entered the Ecumenical Temple
  3467 | Temple   | Became a worshipper of Gozag Ym Sagoz the Greedy
  3840 | D:4      | Reached XP level 6. HP: 37/50 MP: 9/13
  3971 | D:4      | HP: 1/50 [orc priest/divine providence (9)]
  4330 | D:4      | Reached skill level 5 in Fighting
  4330 | D:4      | Reached skill level 5 in Polearms
  4330 | D:4      | Reached skill level 5 in Dodging
  4638 | D:4      | Reached XP level 7. HP: 37/56 MP: 12/15
  5171 | D:5      | Entered Level 5 of the Dungeon
  5306 | D:5      | Found the +18 shield of the Gong {rElec rN+ MR+ EV-5}
  6446 | D:5      | Reached skill level 6 in Translocations
  6446 | D:5      | Reached XP level 8. HP: 49/63 MP: 13/16
  6621 | D:5      | Found a runed translucent door.
  6623 | D:5      | Found a runed translucent door.
  6679 | D:5      | HP: 2/63 [orc/+0 flail (2)]
  6681 | D:5      | Killed from afar by an orc priest

Illustrated notes

Levels and vault maps discovered:
D:1:      nicolae_arrival_kraken_aquarium_a, layout_basic, tso_metal_star
D:2:      layout_basic, gammafunk_temple_overflow_claw,
          grunt_decor_mini_mirrors, serial_bayou_pond_d, minmay_domino_4
D:3:      layout_rooms, serial_curves, eino_curves_02, eino_curves_03,
          hangedman_decor_opposing, uniq_ijyb
D:4:      layout_basic, minmay_temple_entry_glass
D:5:      lemuel_insect_pit, layout_rooms, fedhas_altar_3,
          makhleb_altar_promises_db
Temple:   eino_temple_lava

Skill      XL: |  1  2  3  4  5  6  7  8 |
---------------+-------------------------+-----
Spellcasting   | 5 |  5.9
Invocations    | 1 2 3 |  3.3
Short Blades   | 1 2 3 |  3.0
Long Blades    | 1 2 3 |  3.0
Axes           | 1 2 3 |  3.0
Maces & Flails | 1 2 3 |  3.0
Staves         | 1 2 3 |  3.0
Slings         | 1 2 3 |  3.0
Bows           | 1 2 3 |  3.0
Crossbows      | 1 2 3 |  3.0
Stealth        | 1 2 3 |  3.0
Shields        | 1 2 3 |  3.0
Unarmed Combat | 1 2 3 |  3.0
Evocations     | 1 2 3 |  3.0
Conjurations   | 1 2 |  2.4
Hexes          | 1 2 |  2.4
Summonings     | 1 2 |  2.4
Necromancy     | 1 2 |  2.4
Transmutations | 1 2 |  2.4
Fire Magic     | 1 2 |  2.4
Ice Magic      | 1 2 |  2.4
Air Magic      | 1 2 |  2.4
Earth Magic    | 1 2 |  2.4
Poison Magic   | 1 2 |  2.4
Throwing       | 3 4 |  4.0
Armour         | 3 4 |  4.0
Fighting       | 5 |  5.5
Polearms       | 5 |  5.5
Dodging        | 5 |  5.5
Translocations | 6 |  6.0

Action                   |  1- 3 |  4- 6 |  7- 9 || total
-------------------------+-------+-------+-------++-------
Melee: Spear             |   146 |    64 |   127 ||   337
       Bite              |     4 |    28 |    40 ||    72
       Dagger            |       |   236 |   156 ||   392
       Punch             |       |     2 |     3 ||     5
Throw: Dart              |       |    18 |       ||    18
  Use: Scroll            |     2 |     3 |       ||     5
       Potion            |       |       |     3 ||     3
 Stab: Sleeping          |     1 |       |     1 ||     2
       Distracted        |       |     1 |       ||     1
Armor: Leather armour    |    23 |     9 |       ||    32
       Ring mail         |       |    76 |    79 ||   155
Dodge: Dodged            |   102 |   164 |   187 ||   453

Table legend: (Time is in decaauts)
 A = Elapsed time spent in this place.
 B = Non-inter-level travel time spent in this place.
 C = Inter-level travel time spent in this place.
 D = Time resting spent in this place.
 E = Time spent auto-exploring this place.
 F = Levels seen in this place.
 G = Mean time per level.
                   A        B        C        D        E       F      G
               +--------+--------+--------+--------+--------+-----+--------+
         Total |   6595 |   6501 |     94 |   2049 |   2443 |   6 | 1099.2 |
       Dungeon |   6572 |   6478 |     94 |   2049 |   2443 |   5 | 1314.4 |
        Temple |     22 |     22 |      0 |      0 |      0 |   1 |   22.0 |
               +--------+--------+--------+--------+--------+-----+--------+

Top non-repeatable levels by time:
     D:4: 2554 daAuts
     D:2: 1382 daAuts
     D:3: 1109 daAuts
     D:1: 896 daAuts
     D:5: 629 daAuts
  Temple: 22 daAuts
